 Dungeon Crawl Stone Soup version 0.28-a0-1412-gf95308ed99 (webtiles) character file.

Game seed: 15056630096337455513

19 Deminshera the Conjurer (level 2, -1/19 HPs)
             Began as a Human Conjurer on Jan 7, 2022.
             Slain by a kobold (4 damage)
             ... on level 1 of the Dungeon.
             The game lasted 00:01:36 (1979 turns).

Deminshera the Conjurer (Human Conjurer)            Turns: 1979, Time: 00:01:36

Health: -1/19      AC:  2    Str:  7    XL:     2   Next: 95%
Magic:  4/5        EV: 12    Int: 18    God:
Gold:   71         SH:  0    Dex: 11    Spells: 3/6 levels left

rFire   . . .      SeeInvis .   j - +1 spear (vamp)
rCold   . . .      Faith    .   (no shield)
rNeg    . . .      Spirit   .   a - +0 robe
rPois   .          Reflect  .   (no helmet)
rElec   .          Harm     .   (no cloak)
rCorr   .          Rampage  .   (no gloves)
Will    .....                   (no boots)
Stlth   ++........              (no amulet)
HPRegen 0.06/turn               (no ring)
MPRegen 0.09/turn               (no ring)

@: no status effects
A: no striking features
a: no special abilities


You were on level 1 of the Dungeon.
You visited 1 branch of the dungeon, and saw 2 of its levels.

You collected 71 gold pieces.

Inventory:

Hand Weapons
 j - a +1 vampiric spear (weapon)
Armour
 a - a +0 robe (worn)
Scrolls
 h - a scroll of identify {unknown}
 i - a scroll of enchant weapon {unknown}
Potions
 b - a potion of magic {unknown}
 c - a potion of cancellation {unknown}
 e - 2 potions of might {unknown}
 f - a potion of lignification {unknown}
 g - a potion of curing {unknown}


   Skills:
 - Level 2.0 Dodging
 - Level 2.0 Stealth
 + Level 2.5 Spellcasting
 + Level 4.3 Conjurations


You had 3 spell levels left.
You knew the following spells:

 Your Spells              Type           Power      Damage    Failure   Level
a - Magic Dart            Conj           72%        1d6       2%          1
b - Searing Ray           Conj           36%        2d5       4%          2

Your spell library contained the following spells:

 Spells                   Type           Power      Damage    Failure   Level
 Dazzling Flash           Conj/Hex       20%        N/A       21%         3
 Fulminant Prism          Conj/Hex       5%         3d7       56%         4
 Iskenderun's Mystic Bla  Conj/Tloc      10%        2d4       56%         4


Dungeon Overview and Level Annotations

Branches:
Dungeon (2/15)

Altars:


Message History

The magic dart hits the ball python.
You kill the ball python!
You start resting.
Magic restored.
You enter the shallow water.
Moving in this stuff is going to be slow.
Partly explored, can't reach some items.
Partly explored, can't reach some items.
You can't see any susceptible monsters within range! (Use Z to cast anyway.)
You can't go down here!
Unknown command.
Search for what [Enter for "."]? .
Sorry, I don't know how to get there.
There is a stone staircase leading down here.
You climb downwards.
Found a fizzy ruby potion and a thick runed staff.
Found a stone staircase leading down.
There is a stone staircase leading up here.
You reach to attack!
You hit the kobold.
The kobold is heavily wounded.
You barely miss the kobold.
The kobold is heavily wounded.
The adder hisses angrily.
The kobold hits you with a +0 short sword.
You barely miss the kobold.
The kobold is heavily wounded.
The kobold hits you with a +0 short sword.
The kobold hits you with a +0 short sword.
The adder bites you.
* * * LOW HITPOINT WARNING * * *
You climb upwards.
There is a stone staircase leading down here.
You are too injured to fight recklessly!
Aiming: Magic Dart (safe; 2% risk of failure)
Press: ? - help, Q - select action, (/) - cycle Shift-Dir - straight line, f - kobold
Aim: a kobold, wielding a +0 short sword and quivering stones (heavily wounded, 100% to hit)
The magic dart hits the kobold.
The kobold is severely wounded.
The kobold hits you with a +0 short sword.
You die...

#.###......###......§§§§##.# #..
#.# #...............≈≈§≈##.# #..
#.#########...8..8<.§≈§>##.# #.P
#.#.................≈≈≈≈##.# #..
..#......[.#.........≈≈≈##.# #♣.
###........##......8.#####.# #♣
###........###.......#####.######
...........####.K...............†
......#####.....@..######.#######
......# #.###...[# #.# ......#
#.# #....# #.#
......#####.######## #.#
.............# #.# ..##.........#
#.# ..##.........# #.#
..##.........# ######)#
..##.........# #.^.##.#


You could see a kobold.

Vanquished Creatures
  2 bats (D:1)
  3 giant cockroaches (D:1)
  A goblin (D:1)
  3 hobgoblins (D:1)
  5 kobolds (D:1)
  2 ball pythons (D:1)
16 creatures vanquished.

Vanquished Creatures (others)
  A plant (D:1)
1 creature vanquished.

Grand Total: 17 creatures vanquished

Notes
Turn   | Place    | Note
-------+----------+-------------------------------------------
     0 | D:1      | Deminshera the Human Conjurer began the quest for the Orb.
     0 | D:1      | Reached XP level 1. HP: 13/13 MP: 3/3
   343 | D:1      | Reached XP level 2. HP: 19/19 MP: 0/5
   886 | D:1      | Learned a level 2 spell: Searing Ray
  1979 | D:1      | Slain by a kobold

Illustrated notes

Levels and vault maps discovered:
D:1:      grunt_arrival_lava_bath, layout_basic, serial_bayou,
          serial_bayou_shore_b, serial_bayou_pond_d, serial_bayou_shore_b,
          serial_bayou_pond_a
D:2:      layout_rooms, basic_altar, grunt_decor_mini_mirrors, uniq_natasha

Action                   || total
-------------------------++-------
Melee: Unarmed           ||     7
       Short sword       ||     7
       Spear             ||     5
 Cast: Magic Dart        ||    34
Armor: Robe              ||     2
Dodge: Dodged            ||    18

Table legend: (Time is in decaauts)
 A = Elapsed time spent in this place.
 B = Non-inter-level travel time spent in this place.
 C = Inter-level travel time spent in this place.
 D = Time resting spent in this place.
 E = Time spent auto-exploring this place.
 F = Levels seen in this place.
 G = Mean time per level.
                   A        B        C        D        E       F      G
               +--------+--------+--------+--------+--------+-----+--------+
         Total |   1983 |   1961 |     22 |   1226 |    594 |   2 |  991.5 |
       Dungeon |   1983 |   1961 |     22 |   1226 |    594 |   2 |  991.5 |
               +--------+--------+--------+--------+--------+-----+--------+

Top non-repeatable levels by time:
     D:1: 1978 daAuts
     D:2: 5 daAuts
